 Dungeon Crawl Stone Soup version 0.29.1-2-gbd0b4ee654 (webtiles) character file.

Game seed: 3755176171419485512

14 JimmyDeans the Trooper (level 2, -8/33 HPs)
             Began as an Ogre Berserker on Oct 26, 2022.
             Was a Follower of Trog.
             Mangled by xian's ghost (9 damage)
             ... on level 3 of the Dungeon on Oct 27, 2022.
             The game lasted 00:03:02 (278 turns).

JimmyDeans the Trooper (Ogre Berserker)              Turns: 278, Time: 00:03:03

Health: -8/33      AC:  3    Str: 20    XL:     2   Next: 41%
Magic:  2/2        EV: 10    Int:  8    God:    Trog [*.....]
Gold:   51         SH:  0    Dex:  8    Spells: 1/1 levels left

rFire   . . .      SeeInvis .   a - +0 hand axe
rCold   . . .      Faith    .   (no shield)
rNeg    . . .      Spirit   .   b - +0 animal skin
rPois   .          Reflect  .   (helmet restricted)
rElec   .          Harm     .   (no cloak)
rCorr   .          Rampage  .   (gloves unavailable)
Will    .....                   (boots unavailable)
Stlth   +.........              (no amulet)
HPRegen 0.11/turn               (no ring)
MPRegen 0.08/turn               (no ring)

@: no status effects
A: large, unfitting armour, tough skin 1
a: Renounce Religion, Berserk


You were on level 3 of the Dungeon.
You worshipped Trog.
Trog was aware of your devotion.
You visited 1 branch of the dungeon, and saw 3 of its levels.

You collected 51 gold pieces.

Inventory:

Hand Weapons
 a - a +0 hand axe (weapon)
Armour
 b - a +0 animal skin (worn)


   Skills:
 + Level 4.3 Fighting
 + Level 3.2 Axes
 + Level 3.0 Dodging


You had one spell level left.
You didn't know any spells.
Your spell library was empty.

Dungeon Overview and Level Annotations

Branches:
Dungeon (3/15)

Altars:

Annotations:
D:3 xian's ghost, amateur PaAK


Innate Abilities, Weirdness & Mutations

You are too large for most types of armour.
You have tough skin. (AC +1)


Message History

The endoplasm barely misses you. The endoplasm attacks as you move away!
The endoplasm barely misses you. The quokka closely misses you.
The quokka attacks as you move away! The quokka bites you.
* * * LOW HITPOINT WARNING * * *
The kobold shouts!
You hit the quokka.
The quokka is moderately wounded.
You hit the endoplasm but do no damage. The quokka bites you.
* * * LOW HITPOINT WARNING * * *
The quokka bites you.
* * * LOW HITPOINT WARNING * * *
Xian's ghost whispers, "Death is liberation."
The endoplasm closely misses you.
You slash the quokka!
You kill the quokka!
Trog accepts your kill.
You hit the endoplasm.
You kill the endoplasm!
Trog accepts your kill.
Your Dodging skill increases to level 3!
You closely miss xian's ghost. Xian's ghost closely misses you.
You closely miss xian's ghost. You completely miss the kobold.
Xian's ghost closely misses you. The kobold hits you but does no damage.
You hit xian's ghost.
Xian's ghost is lightly damaged.
You hit the kobold but do no damage. Xian's ghost hits you.
* * * LOW HITPOINT WARNING * * *
The kobold barely misses you.
You closely miss xian's ghost.
Xian's ghost is lightly damaged.
You hit the kobold.
Xian's ghost hits you but does no damage.
The kobold barely misses you.
You closely miss the kobold.
The kobold is moderately wounded.
You hit xian's ghost but do no damage.
Xian's ghost wails.
Xian's ghost hits you!
You die...

#..#########..##.#
#..#.......#...#.##
##..#!..#...#...#.##
#>..'.?#.#$.#...#.##
##.#..'.....).#.......
.###.##..'..#.#?.#.......
.....##.K#...#...#.......
###...KW#.......#.......
##.#.@#########.......
.#####†..................
#......................... ###
#######....##########..... ..#
###............##.#### ..#
#..<......####(##.# ..
#.#.#.#.#.# #.##.# .#
##.#.#...#.# ##.##.####
.##########.#..##.##.###...#.....


You could see xian's ghost and 2 kobolds.

Vanquished Creatures
  A worm (D:3)
  A dart slug (D:1)
  An endoplasm (D:3)
  2 hobgoblins
  2 quokkas (D:3)
  A frilled lizard (D:1)
8 creatures vanquished.

Notes
Turn   | Place    | Note
-------+----------+-------------------------------------------
     0 | D:1      | JimmyDeans the Ogre Berserker began the quest for the Orb.
     0 | D:1      | Reached XP level 1. HP: 24/24 MP: 1/1
    98 | D:3      | Found a runed translucent gate.
   100 | D:3      | Found a runed translucent gate.
   101 | D:3      | Found a runed translucent gate.
   102 | D:3      | Noticed xian's ghost (amateur PaAK)
   182 | D:3      | Reached XP level 2. HP: 10/32 MP: 2/2
   276 | D:3      | HP: 1/33 [xian's ghost (2)]
   278 | D:3      | Mangled by xian's ghost

Illustrated notes

Levels and vault maps discovered:
D:1:      lightli_arrival_boilingwater, layout_rooms, serial_shops, shop_statue,
          serial_bayou_pond_e
D:2:      layout_basic, basic_altar, hellmonk_ecumenical_altar_leap_of_faith
D:3:      layout_loops_ring, gammafunk_ghost_split

Skill      XL: |  1  2 |
---------------+-------+-----
Dodging        | 3 |  3.0
Fighting       | |  4.3
Axes           | |  3.2

Action                   || total
-------------------------++-------
Melee: Hand axe          ||    26
  Use: Scroll            ||     1
Armor: Animal skin       ||     8
Dodge: Dodged            ||    20
